 Dungeon Crawl Stone Soup version 0.29-a0-82-g837932c90e (webtiles) character file.

Game seed: 15589361134742367229

79 HallandMoats the Skirmisher (level 4, 0/35 HPs)
             Began as a Demonspawn Fighter on Feb 5, 2022.
             Succumbed to a gnoll's poison
             ... on level 2 of the Dungeon.
             The game lasted 00:01:51 (1670 turns).

HallandMoats the Skirmisher (Demonspawn Fighter)    Turns: 1670, Time: 00:01:52

Health: 0/35       AC: 13    Str: 15 (18) XL:     4   Next: 16%
Magic:  5/5        EV:  9    Int:  6 (9)  God:
Gold:   31         SH:  4    Dex: 11 (13) Spells: 3/3 levels left

rFire   . . .      SeeInvis .   b - +0 dagger (venom)
rCold   . . .      Faith    .   c - +0 buckler
rNeg    . . .      Spirit   .   f - +0 scale mail
rPois   .          Reflect  .   (no helmet)
rElec   .          Harm     .   (no cloak)
rCorr   .          Rampage  .   m - +0 pair of gloves
Will    .....                   (no boots)
Stlth   ..........              (no amulet)
HPRegen 0.11/turn               (no ring)
MPRegen 0.09/turn               (no ring)

@: lethally poisoned (0 -> -7), sanguine armoured
A: sanguine armour 1, weakness stinger 1
a: no special abilities


You were on level 2 of the Dungeon.
You visited 1 branch of the dungeon, and saw 2 of its levels.

You collected 31 gold pieces.

Inventory:

Hand Weapons
 a - a +0 war axe
 b - a +0 dagger of venom (weapon)
Armour
 c - a +0 buckler (worn)
 f - a +0 scale mail (worn)
 m - a +0 pair of gloves (worn)
Scrolls
 e - a scroll of fog {unknown}
 h - 2 scrolls of fear {unknown}
 j - a scroll of teleportation {unknown}
 k - a scroll of noise {unknown}
 l - a scroll of identify {unknown}
Potions
 d - a potion of might


   Skills:
 * Level 3.5 Fighting
 * Level 2.4 Axes
 + Level 2.9 Armour
 + Level 1.0 Dodging
 + Level 2.9 Shields
 * Level 2.3 Invocations


You had 3 spell levels left.
You didn't know any spells.
Your spell library was empty.

Dungeon Overview and Level Annotations

Branches:
Dungeon (2/15)

Altars:


Innate Abilities, Weirdness & Mutations

When seriously injured, your blood forms armour. (AC +6)
You have a small tail.


Message History

You block the gnoll's attack.
You hit the gnoll.
The gnoll looks as sick as possible!
The gnoll is almost dead.
You kill the gnoll!
You have reached level 4!
You feel agile.
Your demonic ancestry asserts itself...
You feel your blood ready itself to protect you.
You hit the gnoll but do no damage.
The gnoll looks even sicker.
Your tail-slap misses the gnoll.
The gnoll is severely wounded.
You block the gnoll's attack. The gnoll hits you but does no damage.
You closely miss the gnoll. You tail-slap the gnoll.
The gnoll is almost dead.
The gnoll hits you from afar with a +0 spear of venom.
Your blood congeals into armour.
You are poisoned.
The gnoll closely misses you.
You barely miss the gnoll.
The gnoll is almost dead.
You feel very sick.
You kill the gnoll!
The gnoll hits you but does no damage.
You are lethally poisoned!
Your Dodging skill increases to level 1!
It was a potion of cancellation.
You feel magically purged.
You feel very sick.
The gnoll hits you from afar with a +0 spear of venom.
* * * LOW HITPOINT WARNING * * *
It was a potion of degeneration.
There was something very wrong with that liquid.
You feel weakened.
You feel dopey.
You feel clumsy.
* * * LOW HITPOINT WARNING * * *
You feel very sick. The gnoll barely misses you.
Found a stone staircase leading up.
* * * LOW HITPOINT WARNING * * *
You feel very sick.
* * * LOW HITPOINT WARNING * * *
You feel sick.
You die...

#.# #.....†....#
#.##. #.#
#..........# #.##.
#.# #..........#
#..#. #.#
#.....###### ##.#.
#.# ####### #...
#.# ##.# #.#
########### #..
#.######..........
##.
#....g)g..@.......
#.
#...####†.........
##. #g...#
#.......... #..
#.................
#.#
#....##...........
#.#
#....#<....)......
#.#
#..Sg#............
#.#
#....#............
#.# #.#


You could see 2 gnolls.

Vanquished Creatures
  2 gnolls (D:2)
  3 adders (D:2)
  4 endoplasms (D:2)
  8 goblins
  4 hobgoblins (D:2)
  2 quokkas
  2 ball pythons
  A bat (D:1)
  A frilled lizard (D:1)
  2 kobolds (D:1)
  3 rats
32 creatures vanquished.

Notes
Turn   | Place    | Note
-------+----------+-------------------------------------------
     0 | D:1      | HallandMoats the Demonspawn Fighter began the quest for the
                  | Orb.
     0 | D:1      | Reached XP level 1. HP: 18/18 MP: 1/1
   327 | D:1      | Gained mutation: You have a small tail. [demonic ancestry]
   327 | D:1      | Reached XP level 2. HP: 24/24 MP: 2/2
   329 | D:1      | Reached skill level 1 in Invocations
   887 | D:2      | Reached XP level 3. HP: 14/29 MP: 4/4
  1663 | D:2      | Gained mutation: When seriously injured, your blood forms
                  | armour. (AC +6) [demonic ancestry]
  1663 | D:2      | Reached XP level 4. HP: 26/35 MP: 5/5
  1666 | D:2      | Reached skill level 1 in Dodging
  1670 | D:2      | Succumbed to a gnoll's poison

Illustrated notes

Levels and vault maps discovered:
D:1:      wander_arrival_lonely_grave, layout_rooms, serial_corexii_hall,
          corexii_hall_statues_l, chequers_hall_statues_corner_a,
          corexii_hall_statues_l, corexii_hall_statues_l
D:2:      layout_basic, nrook_uturn, kennysheep_flooded_box, item_on_display_a

Skill      XL: |  1  2  3  4 |
---------------+-------------+-----
Invocations    | 1 2 |  2.3
Axes           | 2 |  2.4
Dodging        | 1 |  1.0
Fighting       | |  3.5
Armour         | |  2.9
Shields        | |  2.9

Action                   |  1- 3 |  4- 6 || total
-------------------------+-------+-------++-------
Melee: War axe           |    26 |       ||    26
       Dagger            |    89 |     3 ||    92
       Tailslap          |     7 |     1 ||     8
  Use: Potion            |       |     2 ||     2
Armor: Scale mail        |    40 |     2 ||    42
Dodge: Dodged            |    48 |     2 ||    50
Block: Buckler           |    20 |     1 ||    21

Table legend: (Time is in decaauts)
 A = Elapsed time spent in this place.
 B = Non-inter-level travel time spent in this place.
 C = Inter-level travel time spent in this place.
 D = Time resting spent in this place.
 E = Time spent auto-exploring this place.
 F = Levels seen in this place.
 G = Mean time per level.
                   A        B        C        D        E       F      G
               +--------+--------+--------+--------+--------+-----+--------+
         Total |   1685 |   1666 |     19 |      0 |   1399 |   2 |  842.5 |
       Dungeon |   1685 |   1666 |     19 |      0 |   1399 |   2 |  842.5 |
               +--------+--------+--------+--------+--------+-----+--------+

Top non-repeatable levels by time:
     D:2: 1060 daAuts
     D:1: 624 daAuts
